 Dungeon Crawl Stone Soup version 0.30-a0-1160-g6e42c06551 (webtiles) character file.

Game seed: 10059979955831339156

452 NateTC the Digger (level 7, -13/36 HPs)
             Began as a Gargoyle Earth Elementalist on Apr 27, 2023.
             Mangled by Duvessa
             ... wielding a +0 short sword of draining
              (17 damage)
             ... on level 4 of the Dungeon.
             The game lasted 00:10:12 (3033 turns).

NateTC the Digger (Gargoyle Earth Elementalist)     Turns: 3033, Time: 00:10:12

Health: -13/36     AC:  8    Str: 11    XL:     7   Next: 5%
Magic:  2/10       EV: 10    Int: 28    God:
Gold:   132        SH:  8    Dex: 13    Spells: 6/10 levels left

rFire   + . .        (no weapon)
rCold   + . .        h - +0 kite shield "Goreh" {Drain +Blink Regen+ Int+4}
rNeg    + . .        m - +2 robe {Will+}
rPois   ∞            (no helmet)
rElec   +            d - scarf {rC+ rF+}
rCorr   .            (no gloves)
SInv    .            (no boots)
Will    +....        (no amulet)
Stlth   ++           e - ring of the Imbibing Gods {Int+6 Dex+3 Slay+2}
HPRegen 1.06/turn    k - ring of wizardry
MPRegen 0.12/turn

%: wizardry (x1)
@: very slightly contaminated
A: sickness immunity, AC +4, negative energy resistance 1, electricity
resistance, torment resistance 1, petrification resistance
a: Evoke Blink


You were on level 4 of the Dungeon.
You visited 1 branch of the dungeon, and saw 7 of its levels.

You collected 132 gold pieces.

Inventory:

Armour
 d - a scarf of resistance (worn)
 h - the +0 kite shield "Goreh" (worn) {Drain +Blink Regen+ Int+4}
   (You acquired it on level 2 of the Dungeon)

   Int:       It affects your intelligence (+4).
   +Blink:    It lets you blink.
   Regen:     It increases your rate of health regeneration.
   Drain:     It drains your maximum health when unequipped.
 m - a +2 robe of willpower (worn)
Jewellery
 e - the ring of the Imbibing Gods (left hand) {Int+6 Dex+3 Slay+2}
   (You acquired it on level 2 of the Dungeon)

   [ring of intelligence]

   Int:       It affects your intelligence (+6).
   Dex:       It affects your dexterity (+3).
   Slay:      It affects your accuracy & damage with ranged weapons and melee
   (+2).
 k - a ring of wizardry (right hand)
Scrolls
 a - a scroll of identify {unknown}
 g - a scroll of fear
 j - a scroll of magic mapping
Potions
 c - 5 potions of curing {unknown}
 f - a potion of berserk rage {unknown}
 i - a potion of ambrosia {unknown}
 l - 2 potions of haste {unknown}
 o - a potion of degeneration {unknown}
 q - 4 potions of resistance {unknown}


   Skills:
 - Level 1.7 Dodging
 - Level 2.1 Stealth
 * Level 3.4 Shields
 - Level 2.4 Spellcasting
 * Level 4.1 Conjurations
 - Level 1.0 Transmutations
 * Level 6.2 Earth Magic


You had 6 spell levels left.
You knew the following spells:

 Your Spells              Type           Power      Damage    Failure   Level
a - Sandblast             Erth           76%        2d16      1%          1
b - Stone Arrow           Conj/Erth      64%        3d11      5%          3

Your spell library contained the following spells:

 Spells                   Type           Power      Damage    Failure   Level
 Passwall                 Tmut/Erth      19%        N/A       4%          2
 Petrify                  Tmut/Erth      23%        N/A       30%         4
 Ozocubu's Armour         Ice            3%         N/A       38%         3
 Summon Guardian Golem    Hex/Summ       3%         N/A       38%         3
 Simulacrum               Ice/Necr       1%         N/A       100%        6
 Orb of Destruction       Conj           13%        9d7       100%        7
 Ozocubu's Refrigeration  Ice            1%         4d7       100%        7
 Spellforged Servitor     Conj/Summ      7%         N/A       100%        7
 Polar Vortex             Ice            1%         N/A       100%        9


Dungeon Overview and Level Annotations

Branches:
Dungeon (7/15) Zot: 26637
 Temple: D:4-7

Altars:
Uskayaw
Xom

Annotations:
D:4 Duvessa
D:5 Edmund


Innate Abilities, Weirdness & Mutations

You are immune to sickness and miasma.
Your stone body is resilient. (AC +4)
You are immune to poison.
You resist negative energy. (rN+)
You are resistant to electric shocks. (rElec)
You are resistant to unholy torment.
You are immune to petrification.


Message History

Casting: Sandblast (safe; 1% risk of failure)
Confirm with . or Enter, or press ? or * to list all spells.
Aiming: Sandblast (safe; 1% risk of failure)
Press: ? - help, Shift-Dir - straight line, f/p - Duvessa
Aim: Duvessa, wielding a +0 short sword of draining and wearing a +0 scale mail (moderately wounded, berserk, 88% to hit)
The blast of sand hits Duvessa!
Duvessa is heavily wounded.
Duvessa hits you with a +0 short sword of draining.
Duvessa hits you with a +0 short sword of draining!
Casting: Sandblast (safe; 1% risk of failure)
Confirm with . or Enter, or press ? or * to list all spells.
Aiming: Sandblast (safe; 1% risk of failure)
Press: ? - help, Shift-Dir - straight line, f/p - Duvessa
Aim: Duvessa, wielding a +0 short sword of draining and wearing a +0 scale mail (heavily wounded, berserk, 88% to hit)
The blast of sand hits Duvessa.
Duvessa is heavily wounded.
You block Duvessa's attack.
Duvessa hits you with a +0 short sword of draining.
* * * LOW HITPOINT WARNING * * *
Casting: Sandblast (safe; 1% risk of failure)
Confirm with . or Enter, or press ? or * to list all spells.
Aiming: Sandblast (safe; 1% risk of failure)
Press: ? - help, Shift-Dir - straight line, f/p - Duvessa
Aim: Duvessa, wielding a +0 short sword of draining and wearing a +0 scale mail (heavily wounded, berserk, 88% to hit)
You miscast Sandblast.
You are very lightly contaminated with residual magic.
Nothing appears to happen.
You block Duvessa's attack. x2
Casting: Sandblast (safe; 1% risk of failure)
Confirm with . or Enter, or press ? or * to list all spells.
Aiming: Sandblast (safe; 1% risk of failure)
Press: ? - help, Shift-Dir - straight line, f/p - Duvessa
Aim: Duvessa, wielding a +0 short sword of draining and wearing a +0 scale mail (heavily wounded, berserk, 88% to hit)
The blast of sand hits Duvessa.
Duvessa is heavily wounded.
Duvessa misses you.
Duvessa hits you with a +0 short sword of draining!
* * * LOW HITPOINT WARNING * * *
You fail to use your ability.
Duvessa hits you with a +0 short sword of draining!
You die...

# .## ##########
...##
#...>....######..)<.#
#.#####......@e......
#.....#.#.##.....#
#.......#.# ....#
#.....###.# ....
.###.#..###.# ..#
............# ##
###########.####
#......<.# #
#.###.##.##+##


You could see Duvessa (berserk).

Vanquished Creatures
  A water moccasin (D:6)
  A scorpion (D:5)
  Dowan (D:4)
  A hound (D:5)
  A gnoll bouda (D:5)
  Jessica (D:2)
  3 gnolls (D:5)
  5 adders
  4 worms
  A dart slug (D:3)
  3 orcs
  6 bats
  5 endoplasms
  3 giant cockroaches
  3 goblins
  7 hobgoblins
  5 jackals
  A quokka (D:1)
  9 ball pythons
  A frilled lizard (D:3)
  3 kobolds
  3 rats
68 creatures vanquished.

Notes
Turn   | Place    | Note
-------+----------+-------------------------------------------
     0 | D:1      | NateTC the Gargoyle Earth Elementalist began the quest for
                  | the Orb.
     0 | D:1      | Reached XP level 1. HP: 10/10 MP: 3/3
   240 | D:1      | Reached skill level 1 in Transmutations
   240 | D:1      | Reached XP level 2. HP: 15/15 MP: 1/5
   344 | D:1      | Reached skill level 4 in Earth Magic
   697 | D:1      | Reached skill level 1 in Conjurations
   697 | D:1      | Reached XP level 3. HP: 19/19 MP: 4/6
   814 | D:1      | Learned a level 3 spell: Stone Arrow
   998 | D:1      | Found a faded altar of an unknown god.
  1135 | D:2      | Noticed Jessica
  1138 | D:2      | Killed Jessica
  1196 | D:2      | Reached XP level 4. HP: 24/24 MP: 3/7
  1768 | D:2      | Identified 2 scrolls of acquirement
  1768 | D:2      | Acquired the ring of the Imbibing Gods {Int+6 Dex+3 Slay+2}
  1771 | D:2      | Acquired the +0 kite shield "Goreh" {Drain +Blink Regen+
                  | Int+4}
  2091 | D:3      | Reached skill level 5 in Earth Magic
  2164 | D:3      | Found a shimmering altar of Xom.
  2168 | D:3      | Reached skill level 1 in Shields
  2224 | D:3      | Reached XP level 5. HP: 28/28 MP: 0/8
  2457 | D:3      | Identified the +7 mace "Joije" {heavy, rC+ Str-2 Int+5
                  | Stlth+}
  2646 | D:4      | Noticed Duvessa
  2646 | D:4      | You fall into a shaft and drop 3 floors!
  2678 | D:6      | Noticed a water moccasin
  2682 | D:6      | Killed a water moccasin
  2683 | D:6      | Reached XP level 6. HP: 25/32 MP: 5/9
  2685 | D:5      | Entered Level 5 of the Dungeon
  2830 | D:5      | Reached skill level 6 in Earth Magic
  2860 | D:5      | Found a hide-covered altar of Uskayaw.
  2925 | D:5      | Noticed Edmund
  3024 | D:4      | Noticed Dowan
  3026 | D:4      | Killed Dowan
  3027 | D:4      | Reached XP level 7. HP: 36/36 MP: 7/10
  3033 | D:4      | Mangled by Duvessa

Illustrated notes

Levels and vault maps discovered:
D:1:      matt_arrival_grand_opening, layout_loops_cross,
          dreamdust_ecumenical_altar_hidden_monk_grotto
D:2:      layout_loops_ring, minmay_pentomino_s4, uniq_jessica
D:3:      layout_rooms, xom_confusion_cloud
D:4:      layout_loops_corners, mainiacjoe_overflow_surrounded_room,
          mainiacjoe_overflow_six_doors_small, marbit_many_paths, uniq_duvessa,
          uniq_robin, uniq_grinder, uniq_crazy_yiuf_cottage
D:5:      layout_gridville, nicolae_uskayaw_murder_on_the_dancefloor,
          minmay_temple_entry_stoned_glass, uniq_blork_the_orc, uniq_edmund,
          uniq_pikel
D:6:      mumra_celtic_spiral_tile, layout_cave_pools
D:7:      layout_loops_cross, gammafunk_ghost_berserking_beasts, minmay_holes,
          kennysheep_donut, nicolae_figureground_sparkle, uniq_maggie

Skill      XL: |  1  2  3  4  5  6 |
---------------+-------------------+-----
Transmutations | 1 |  1.0
Earth Magic    | 4 5 6 |  6.2
Conjurations   | 1 2 3 4 |  4.1
Shields        | 1 2 3 |  3.4
Dodging        | |  1.7
Stealth        | |  2.1
Spellcasting   | |  2.4

Action                     |  1- 3 |  4- 6 |  7- 9 || total
---------------------------+-------+-------+-------++-------
  Melee: Unarmed           |       |     8 |       ||     8
   Cast: Sandblast         |    36 |    69 |     5 ||   110
         Stone Arrow       |       |     5 |       ||     5
    Use: Scroll            |       |    11 |       ||    11
         Potion            |       |     1 |       ||     1
 Armour: Robe              |     3 |    30 |       ||    33
  Dodge: Dodged            |     8 |    48 |     3 ||    59
  Block: Kite shield       |       |    50 |     5 ||    55

Table legend: (Time is in decaauts)
 A = Elapsed time spent in this place.
 B = Non-inter-level travel time spent in this place.
 C = Inter-level travel time spent in this place.
 D = Time resting spent in this place.
 E = Time spent auto-exploring this place.
 F = Levels seen in this place.
 G = Mean time per level.
                   A        B        C        D        E       F      G
               +--------+--------+--------+--------+--------+-----+--------+
         Total |   3088 |   2985 |    103 |    605 |   1631 |   7 |  441.1 |
       Dungeon |   3088 |   2985 |    103 |    605 |   1631 |   7 |  441.1 |
               +--------+--------+--------+--------+--------+-----+--------+

Top non-repeatable levels by time:
     D:1: 1092 daAuts
     D:3: 829 daAuts
     D:2: 724 daAuts
     D:5: 280 daAuts
     D:4: 122 daAuts
     D:7: 26 daAuts
     D:6: 13 daAuts
